 Dungeon Crawl Stone Soup version 0.31-a0-486-g8d68a81214 (webtiles) character file.

Game seed: 6502802598398617661

270 Xavori the Sneak (level 6, -16/43 HPs)
             Began as an Octopode Chaos Knight on Aug 7, 2023.
             Was a Plaything of Xom.
             Demolished by a gnoll sergeant
             ... wielding a +0 trident
              (22 damage)
             ... on level 4 of the Dungeon.
             The game lasted 00:03:33 (12169 turns).

Xavori the Sneak (Octopode Chaos Knight)           Turns: 12169, Time: 00:03:35

Health: -16/43     AC:  1    Str: 10    XL:     6   Next: 22%
Magic:  6/6        EV: 14    Int: 14    God:    Xom [.....*]
Gold:   213        SH:  0    Dex: 17    Spells: 5/5 levels left

rFire   . . .        a - +0 short sword (chaos)
rCold   + . .        (no shield)
rNeg    . . .        (helmet restricted)
rPois   +            (no amulet)
rElec   .            d - ring of willpower
rCorr   .            e - ring of see invisible
SInv    +            (no ring)
Will    +....        (no ring)
Stlth   ++++         (no ring)
HPRegen 0.27/turn    (no ring)
MPRegen 0.10/turn    (no ring)
                     (no ring)

%: no passive effects
@: no status effects
A: almost no armour, amphibious, 8 rings, camouflage 1, gelatinous body 1,
(nimble swimmer 1), tentacles, antennae 1, agile 1, cold resistance 1, poison
resistance, wild magic 2, evolution 1, MP-powered wands
a: Renounce Religion


You were on level 4 of the Dungeon.
You worshipped Xom.
You were Xom's teddy bear.
You visited 1 branch of the dungeon, and saw 4 of its levels.

You collected 213 gold pieces.

Inventory:

Hand Weapons
 a - a +0 short sword of chaos (weapon)
Jewellery
 d - a ring of willpower (left tentacle)
 e - a ring of see invisible (right tentacle)
Scrolls
 b - a scroll of butterflies
 c - a scroll of teleportation {unknown}
 f - a scroll of identify
 g - a scroll of vulnerability {unknown}
 h - a scroll of silence {unknown}
 j - a scroll of revelation {unknown}
 k - a scroll of poison
 l - a scroll of fog {unknown}


   Skills:
 + Level 4.1 Fighting
 + Level 4.0 Short Blades
 + Level 3.5 Dodging
 + Level 5.0 Stealth


You had 5 spell levels left.
You didn't know any spells.
Your spell library contained the following spells:

 Spells                   Type           Power      Damage    Failure   Level
 Apportation              Tloc           0%         N/A       45%         1
 Necrotise                Necr           0%         1d4       45%         1
 Sandblast                Erth           0%         2d4       45%         1
 Slow                     Hex            0%         N/A       45%         1
 Summon Small Mammal      Summ           0%         N/A       45%         1
 Passwall                 Tmut/Erth      0%         N/A       58%         2
 Confusing Touch          Hex            0%         N/A       80%         3
 Stone Arrow              Conj/Erth      0%         3d7       80%         3
 Vampiric Draining        Necr           0%         2d6       80%         3
 Alistair's Intoxication  Tmut/Pois      0%         N/A       100%        5
 Borgnjor's Vile Clutch   Necr/Erth      0%         N/A       100%        5
 Eringya's Noxious Bog    Tmut/Pois      0%         4d6       100%        6


Dungeon Overview and Level Annotations

Branches:
Dungeon (4/15)
 Temple: D:4-7

Altars:
Dithmenos
Ru
Xom


Innate Abilities, Weirdness & Mutations

You cannot wear most types of armour.
You are amphibious.
You can wear up to eight rings at the same time.
Your skin changes colour to match your surroundings (Stealth+).
Your rubbery body absorbs attacks. (AC +1, EV +1)
((You are camouflaged when in or above water. (Stealth+)))
You have tentacles for arms and can constrict up to eight enemies at once.
You have a pair of small antennae on your head.
You are agile. (Dex +4, Str/Int -1)
Your flesh is cold resistant. (rC+)
Your system is resistant to poisons. (rPois)
Your spells are harder to cast, but more powerful.
You have hidden genetic potential.
You expend magic power (3 MP) to strengthen your wands.


Message History

A gnoll comes into view. It is wielding a +0 flail.
Something hits the gnoll sergeant.
The kobold misses the gnoll.
The gnoll hits the kobold with a +0 flail.
The kobold dies!
The gnoll sergeant hits something with a +0 trident!
You feel a bit more experienced.
Your Stealth skill increases to level 5!
There is an open door here.
Found a runed halberd.
The gnoll sergeant hits the gnoll from afar with a +0 trident.
The gnoll misses you.
The gnoll sergeant hits the gnoll from afar with a +0 trident!!
The gnoll dies!
Things that are here:
a +0 short sword; 3 poisoned darts; a kobold corpse The gnoll sergeant hits you with a +0 trident.
Unknown command.
You completely miss the gnoll sergeant. You grab the gnoll sergeant.
The gnoll sergeant blocks your attack.
The gnoll sergeant is moderately wounded.
You constrict the gnoll sergeant, but do no damage.
The gnoll sergeant hits you with a +0 trident!
The gnoll sergeant blocks your attack.
The gnoll sergeant is moderately wounded.
You constrict the gnoll sergeant.
The gnoll sergeant hits you with a +0 trident! x2
* * * LOW HITPOINT WARNING * * *
Unknown command.
You hit the gnoll sergeant.
Nothing appears to happen.
You squeeze the gnoll sergeant, but do no damage.
The gnoll sergeant is heavily wounded.
You constrict the gnoll sergeant, but do no damage.
The gnoll sergeant misses you. The gnoll sergeant blocks your attack.
The gnoll sergeant is heavily wounded.
You constrict the gnoll sergeant, but do no damage.
The gnoll sergeant hits you with a +0 trident!!
Ouch! That really hurt!
You die...
Xom roars with laughter!

###.##.#.# ###'######
#...... #.##.#.# #.#
#...... #.##...####
#.####### #......
#.#.......# #.#.....#
#####.. #รท#.#####.#
#.#.....# #.. #.#.#
#<#.# #)'.....# #..
#.#.###.#.# ###..)..#
#..
#.#.....#.#####.#.....#
#..
#.#######.#.)g@)#.....#
###
#.........#.###)#.....#
###########{ #.'.....#
###.....# ####.....
.#### .#


You could see a neutral gnoll sergeant (fast, strong, insane, poisoned).

Vanquished Creatures
  A phantom (D:4)
  An iguana (D:4)
  4 gnolls (D:4)
  2 adders (D:2)
  An ufetubus (D:4)
  A worm (D:3)
  4 dart slugs
  An orc (D:3)
  6 bats
  5 endoplasms
  5 giant cockroaches
  9 goblins
  8 hobgoblins
  2 jackals (D:1)
  9 kobolds
  A quokka (D:2)
  10 ball pythons
  3 frilled lizards
  7 rats
80 creatures vanquished.

Vanquished Creatures (collateral kills)
  2 gnolls (D:4)
2 creatures vanquished.

Vanquished Creatures (others)
  A kobold (D:4)
1 creature vanquished.

Grand Total: 83 creatures vanquished

Notes
Turn   | Place    | Note
-------+----------+-------------------------------------------
     0 | D:1      | Xavori the Octopode Chaos Knight began the quest for the
                  | Orb.
     0 | D:1      | Reached XP level 1. HP: 16/16 MP: 1/1
   172 | D:1      | Reached XP level 2. HP: 21/21 MP: 2/2
   204 | D:1      | Reached skill level 1 in Stealth
   296 | D:1      | Reached XP level 3. HP: 16/26 MP: 3/3
   425 | D:1      | Found a faded altar of an unknown god.
  1499 | D:1      | XOM: silly message
  1729 | D:1      | XOM is BORED!
  1975 | D:1      | XOM: god gift: 6 gold pieces
  2051 | D:1      | XOM: give mutation
  2051 | D:1      | Gained mutation: You expend magic power (3 MP) to
                  | strengthen your wands. [Xom's grace]
  2476 | D:1      | XOM: cloud trail
  2862 | D:1      | XOM: cloud trail
  3076 | D:1      | XOM: god gift: staff of air
  3078 | D:1      | XOM: cloud trail
  3140 | D:1      | XOM: summons 4 hostile shadow creatures
  3362 | D:1      | XOM: god gift: encrusted emerald ring {god gift}
  3372 | D:1      | XOM: scenery: create altars
  4067 | D:1      | XOM: give mutation
  4067 | D:1      | Gained mutation: Your system is resistant to poisons.
                  | (rPois) [Xom's grace]
  4691 | D:1      | XOM: scenery: summon butterflies
  4807 | D:1      | XOM: scenery: summon butterflies
  4953 | D:1      | XOM: god gift: helmet {god gift}
  5865 | D:1      | XOM: scenery: create altars
  5957 | D:1      | XOM is BORED!
  6020 | D:1      | XOM: divination: magic mapping
  6288 | D:1      | XOM: give mutations
  6288 | D:1      | Gained mutation: You have a pair of small antennae on your
                  | head. [Xom's grace]
  6288 | D:1      | Gained mutation: You have hidden genetic potential. [Xom's
                  | grace]
  6605 | D:1      | XOM: scenery: create altars
  6957 | D:1      | XOM: god gift: book of Debilitation
  7712 | D:1      | XOM: give mutation
  7712 | D:1      | Gained mutation: You have great hidden genetic potential.
                  | [Xom's grace]
  8351 | D:1      | XOM: give mutations
  8351 | D:1      | Gained mutation: Your spells are a little harder to cast,
                  | but a little more powerful. [Xom's grace]
  8351 | D:1      | Gained mutation: Your spells are harder to cast, but more
                  | powerful. [Xom's grace]
  8897 | D:1      | XOM: 2-stop teleportation journey
  9003 | D:1      | XOM: scenery: 2 doors open, 3 doors close
  9006 | D:1      | XOM: god gift: 23 gold pieces
 10007 | D:2      | Reached skill level 2 in Stealth
 10105 | D:2      | Reached XP level 4. HP: 31/31 MP: 4/4
 10177 | D:2      | XOM is BORED!
 10177 | D:2      | XOM: summons 4 hostile shadow creatures
 10661 | D:3      | Found a shadowy altar of Dithmenos.
 10815 | D:2      | Gained mutation: You are agile. (Dex +4, Str/Int -1)
                  | [hidden potential]
 10872 | D:3      | Reached skill level 3 in Stealth
 10973 | D:3      | Noticed Sigmund
 10979 | D:3      | XOM: divination: detect items
 10979 | D:3      | XOM: smoke on damage
 10984 | D:3      | Sigmund changed into Sigmund the orc
 10984 | D:3      | Noticed Sigmund
 10984 | D:3      | Killed Sigmund the orc
 11180 | D:3      | Found a sacrificial altar of Ru.
 11255 | D:4      | Reached XP level 5. HP: 10/37 MP: 5/5
 11590 | D:4      | Noticed a phantom
 11591 | D:4      | Noticed a black bear
 11814 | D:4      | Reached skill level 4 in Stealth
 11814 | D:4      | Gained mutation: Your flesh is cold resistant. (rC+)
                  | [hidden potential]
 11814 | D:4      | Lost mutation: You have great hidden genetic potential.
                  | [hidden potential expressed]
 11928 | D:4      | Noticed a phantom
 11943 | D:4      | XOM: butterfly on damage
 11944 | D:4      | XOM: butterfly on damage
 11947 | D:4      | XOM: polymorph butterfly -> shapeshifter
 11953 | D:4      | Killed a phantom
 11954 | D:4      | Reached XP level 6. HP: 13/43 MP: 6/6
 12162 | D:4      | XOM: cast spell 'Discord'
 12164 | D:4      | Reached skill level 5 in Stealth
 12169 | D:4      | Demolished by a gnoll sergeant

Illustrated notes

Levels and vault maps discovered:
D:1:      amcnicky_arrival_flooded_fountain, layout_rooms,
          hellmonk_ecumenical_altar_heavens_door, chequers_jeans,
          hangedman_abyss_or_decor_lesser_grid, st_stairs_8,
          minmay_split_cup_large
D:2:      layout_basic
D:3:      layout_rooms, nicolae_ru_path_of_blood,
          grunt_dithmenos_smoke_and_mirrors, minivault_14, minmay_guardbox,
          uniq_sigmund
D:4:      layout_basic, kennysheep_opposing_triangles

Skill      XL: |  1  2  3  4  5  6 |
---------------+-------------------+-----
Stealth        | 1 2 3 4 5 |  5.0
Dodging        | 3 |  3.5
Fighting       | 4 |  4.1
Short Blades   | 4 |  4.0

Action                     |  1- 3 |  4- 6 || total
---------------------------+-------+-------++-------
  Melee: Short sword       |    77 |   113 ||   190
         Constrict         |    18 |    24 ||    42
         Tentacles         |    10 |    24 ||    34
         Punch             |       |     2 ||     2
    Use: Scroll            |       |     3 ||     3
         Potion            |       |     3 ||     3
   Stab: Sleeping          |     7 |     6 ||    13
         Paralysed         |     1 |       ||     1
 Armour: Skin              |     8 |     5 ||    13
  Dodge: Dodged            |    46 |    77 ||   123

Table legend: (Time is in decaauts)
 A = Elapsed time spent in this place.
 B = Non-inter-level travel time spent in this place.
 C = Inter-level travel time spent in this place.
 D = Time resting spent in this place.
 E = Time spent auto-exploring this place.
 F = Levels seen in this place.
 G = Mean time per level.
                   A        B        C        D        E       F      G
               +--------+--------+--------+--------+--------+-----+--------+
         Total |  12138 |  12004 |    134 |   9341 |   2119 |   4 | 3034.5 |
       Dungeon |  12138 |  12004 |    134 |   9341 |   2119 |   4 | 3034.5 |
               +--------+--------+--------+--------+--------+-----+--------+

Top non-repeatable levels by time:
     D:1: 9439 daAuts
     D:2: 1191 daAuts
     D:4: 944 daAuts
     D:3: 562 daAuts
